 Seeded DCSS version 0.28.0-45-g0d030f2227 (webtiles) character file.

Game seed: 9376642942419055868 (custom seed)

105018 thiscave3701365 the Executioner (level 16, 0/157 HPs)
             Began as a Hill Orc Berserker on Apr 13, 2022.
             Was a High Priest of Trog.
             Slain by an entropy weaver (10 damage)
             ... on level 1 of the Spider Nest on Apr 14, 2022.
             The game lasted 00:45:23 (34427 turns).

thiscave3701365 the Executioner (HOBe)             Turns: 34427, Time: 00:45:24

Health: 0/157      AC: 21    Str: 33    XL:     16   Next: 40%
Magic:  16/16      EV:  9    Int:  7    God:    Trog [*****.]
Gold:   1739       SH:  5    Dex: 14    Spells: 15/15 levels left

rFire   + + +      SeeInvis +   s - +1 battleaxe of Reehuh Himu {speed, +Blink Fly Will- SInv}
rCold   . . .      Faith    .   (shield currently unavailable)
rNeg    + . .      Spirit   .   n - +0 plate armour
rPois   +          Reflect  +   m - +2 helmet
rElec   +          Harm     .   D - +2 cloak {Stlth+}
rCorr   +          Rampage  .   d - +3 pair of gloves of Anaesthesia {-Cast rF++ Dex+4 SInv}
Will    +....      NoCast   +   A - +0 pair of boots of Immorality {Drain rElec rPois rCorr}
Stlth   ..........              h - amulet of reflection
HPRegen 0.36/turn               q - ring of willpower
MPRegen 0.15/turn               g - ring of Xinom {rF+ rN+ Str+7}

@: lethally poisoned (0 -> -3), spiked, corroded, on berserk cooldown, flying,
slowed, studying Axes, very slow
A: deformed body, weak 1
a: Renounce Religion, Evoke Blink, Berserk, Trog's Hand, Brothers in Arms


You were on level 1 of the Spider Nest.
You worshipped Trog.
Trog was extremely pleased with you.
You visited 5 branches of the dungeon, and saw 25 of its levels.

You collected 2595 gold pieces.
You spent 856 gold pieces at shops.

Inventory:

Hand Weapons
 s - the +1 battleaxe of Reehuh Himu (weapon) {speed, +Blink Fly Will- SInv}
   (You bought it in a shop on level 12 of the Dungeon)

   Attacks with this weapon are significantly faster.
   SInv:      It lets you see invisible.
   Fly:       It grants you flight.
   +Blink:    It lets you blink.
   Will:      It decreases your willpower.
 t - a +7 battleaxe of freezing
 O - the +10 hand axe of Daunik {vorpal, Dex+3}
   (Trog gifted it to you on level 4 of the Lair of Beasts)

   It inflicts extra damage upon your enemies.
   Dex:       It affects your dexterity (+3).
Armour
 d - the +3 pair of gloves of Anaesthesia (worn) {-Cast rF++ Dex+4 SInv}
   (You acquired it on level 9 of the Dungeon)

   Dex:       It affects your dexterity (+4).
   rF:        It greatly protects you from fire.
   SInv:      It lets you see invisible.
   -Cast:     It prevents spellcasting.
 m - a +2 helmet (worn)
 n - a +0 plate armour (worn)
 y - a +0 kite shield
 A - the +0 pair of boots of Immorality (worn) {Drain rElec rPois rCorr}
   (You bought it in a shop on level 2 of the Orcish Mines)

   rElec:     It insulates you from electricity.
   rPois:     It protects you from poison.
   rCorr:     It protects you from acid and corrosion.
   Drain:     It drains your maximum health when unequipped.
 D - a +2 cloak of stealth (worn)
 F - a +2 pair of boots of stealth
 X - an orb of mayhem
Jewellery
 a - a ring of magical power
 g - the ring of Xinom (right hand) {rF+ rN+ Str+7}
   (You found it on level 12 of the Dungeon)

   [ring of protection from fire]

   Str:       It affects your strength (+7).
   rF:        It protects you from fire.
   rN:        It protects you from negative energy.
 h - an amulet of reflection (around neck)
 k - a +6 ring of strength
 q - a ring of willpower (left hand)
 I - a +4 ring of evasion
 K - an amulet of the acrobat
 L - a ring of poison resistance
 N - a ring of fire
 Q - a ring of willpower
 R - a +6 ring of strength
 Y - an amulet of guardian spirit
Wands
 o - a wand of acid (5)
 r - a wand of digging (5)
 u - a wand of iceblast (6)
 v - a wand of paralysis (7)
 x - a wand of flame (21)
 B - a wand of mindburst (8)
 M - a wand of charming (4)
Scrolls
 f - 3 scrolls of holy word
 i - 5 scrolls of teleportation
 W - 2 scrolls of magic mapping
Potions
 b - 5 potions of haste
 c - 9 potions of lignification
 e - 2 potions of cancellation
 j - 7 potions of invisibility
 l - 2 potions of heal wounds
 p - a potion of ambrosia
 w - 2 potions of might
 z - 2 potions of berserk rage
 C - 5 potions of resistance
 E - 10 potions of curing
 G - 4 potions of attraction
 H - 3 potions of flight
 J - 4 potions of brilliance
 P - a potion of mutation
 S - 2 potions of degeneration {unknown}
Miscellaneous
 T - a piece from Xom's chessboard (15/15)
 U - a tin of tremorstones (2/2)
 V - a lightning rod (4/4)


   Skills:
 + Level 17.8 Fighting
 + Level 25.9 Axes
 + Level 14.6 Armour
 + Level 2.6 Dodging
 + Level 2.3 Stealth
 + Level 7.7 Shields


You had 15 spell levels left.
You didn't know any spells.
Your spell library was empty.

Dungeon Overview and Level Annotations

Branches:
Dungeon (15/15)            Temple (0/1) D:5            Lair (6/6) D:10
  Swamp (1/4) Lair:4       Spider (1/4) Lair:2        Slime (0/5) Lair:6
    Orc (2/2) D:11            Elf (0/3) Orc:2        Vaults (0/5) D:13
 Depths (0/4) D:15

Altars:
Ashenzari
Cheibriados
Elyvilon
Fedhas
Gozag
Makhleb
Qazlal
Sif Muna
Uskayaw
Vehumet
Wu Jian
Yredelemnul
Zin
The Shining One
Jiyva
Lugonu

Shops:
D:4 !   D:8 [   D:12 **!*   Orc:2 :*[(

Portals:
Abyss: Lair:6
Trove: D:11 (give 6 scrolls of fear)

Annotations:
Orc:2 1 runed translucent door, GilGalad's ghost, adept DDFi


Innate Abilities, Weirdness & Mutations

Armour fits poorly on your strangely shaped body.
You are weak. (Str -2)


Message History

You hit the wolf spider. You closely miss the entropy weaver.
You feel sick. The steelbarb worm hits you.
Barbed spikes become lodged in your body.
The wolf spider hits you. The wolf spider closely misses you.
The entropy weaver gestures at you while chanting.
You hit the steelbarb worm but do no damage.
The steelbarb worm is moderately wounded.
You closely miss the entropy weaver.
You hit the wolf spider but do no damage.
You feel sick. The steelbarb worm hits you.
Barbed spikes become lodged in your body.
The wolf spider completely misses you.
The wolf spider bites you but does no damage.
A torpor snail comes into view.
You hit the steelbarb worm.
The steelbarb worm is moderately wounded.
You slice the entropy weaver!! You slash the wolf spider!
You feel sick.
You hear an angry hiss.
The entropy weaver hits you!
* * * LOW HITPOINT WARNING * * *
The entropy weaver hits you.
* * * LOW HITPOINT WARNING * * *
You block the entropy weaver's attack. The entropy weaver hits you!
* * * LOW HITPOINT WARNING * * *
The wolf spider hits you but does no damage.
The wolf spider barely misses you. The steelbarb worm hits you!!
* * * LOW HITPOINT WARNING * * *
Barbed spikes become lodged in your body.
Okay, then.
You feel much better.
You feel sick.
The jumping spider pounces on you but does no damage.
The jumping spider bites you.
* * * LOW HITPOINT WARNING * * *
The entropy weaver hits you but does no damage.
The entropy weaver hits you.
* * * LOW HITPOINT WARNING * * *
The entropy weaver hits you!
* * * LOW HITPOINT WARNING * * *
The entropy weaver hits you!
You die...

.#.... ##.
..#...# ..
##.......
##.#.......#.
...#...#....
#..s.......
##.Bw#......
#..s@s......
##....#w...#
##...## ...
#≈#≈≈..## .
#≈≈≈≈≈..#
###≈≈#.#.#
########.#..#
#...##..#.###
###......##


You could see an entropy weaver, a steelbarb worm, a torpor snail, a wolf
spider, a jumping spider and a redback.

Vanquished Creatures
  Jorgrun (D:14)
  An orc warlord (Orc:2)
  A stone giant (D:15)
  An eleionoma (Swamp:1)
  5 slime creatures
  Nessos (D:14)
  Azrael (D:14)
  2 hydras (Lair:4)
  2 catoblepae
  3 boulder beetles
  2 alligators (Swamp:1)
  The ghost of nickcage the Arsonist, a journeyman DrFE of Vehumet (Orc:1)
  4 centaur warriors
  4 death yaks (Lair:6)
  3 two-headed ogres
  2 tengu warriors (D:15)
  4 orc high priests (Orc:2)
  4 thrashing horrors (Lair:6)
  10 skeletal warriors
  A goliath frog (Swamp:1)
  A deep troll (D:13)
  A steelbarb worm (Spider:1)
  A deep elf zephyrmancer (D:14)
  A necromancer (D:13)
  6 orc knights
  3 wolf spiders
  12 ugly things
  2 oklob plants
  3 manticores
  7 orc sorcerers (Orc:2)
  The ghost of KittyFluff the Cudgeller, a novice GrBe of Trog (D:6)
  5 cyclopes
  11 elephants
  Maurice (D:8)
  9 cane toads
  4 black mambas
  A gargoyle (D:11)
  3 smoke demons (Lair:6)
  Joseph (D:8)
  An unseen horror (D:10)
  3 rime drakes
  A tengu conjurer (D:15)
  6 komodo dragons
  3 efreet
  An ancient zyme (Lair:6)
  9 trolls
  A wind drake (shapeshifter) (D:15)
  9 meliai
  6 polar bears (Lair:4)
  A tyrant leech (Swamp:1)
  Prince Ribbit (D:8)
  4 hornets (Swamp:1)
  21 blink frogs
  10 dream sheep
  2 jumping spiders
  A wraith (D:12)
  A vampire (D:12)
  A spriggan (shapeshifter) (D:14)
  6 spriggans
  2 culicivoras (Spider:1)
  3 shadows
  6 fire elementals
  72 yaks
  2 fire bats (D:9)
  3 wyverns
  4 chaos spawn (Lair:6)
  A redback (Spider:1)
  9 vampire mosquitoes
  9 basilisks
  A warg (D:13)
  A swamp worm (Swamp:1)
  19 water moccasins
  4 hell hounds (D:14)
  2 acid dragons (D:13)
  27 orc warriors
  3 ice beasts
  2 sky beasts (D:8)
  2 necrophages (D:7)
  7 black bears
  7 small abominations (Lair:6)
  4 centaurs
  9 ogres
  12 wolves
  A phantom (D:7)
  3 kobold brigands
  10 bullfrogs
  A scorpion (D:4)
  3 gnoll sergeants
  A wyvern skeleton (D:5)
  2 troll zombies (D:11)
  11 killer bees
  13 wights
  4 howler monkeys
  3 electric eels
  A bullfrog zombie (D:6)
  A hound (D:4)
  4 centaur zombies
  A lava snake (D:12)
  A centaur skeleton (D:7)
  A gnoll shaman (D:6)
  16 orc priests
  8 iguanas
  27 orc wizards
  A scorpion zombie (D:5)
  2 killer bee zombies (D:6)
  6 ogre zombies (D:11)
  2 howler monkey skeletons
  Robin (D:2)
  26 gnolls
  10 adders
  5 white imps
  An adder skeleton (D:4)
  3 worms
  A dart slug (D:3)
  68 orcs
  7 bats
  4 endoplasms
  7 giant cockroaches
  5 hobgoblins
  A jackal (D:2)
  3 quokkas
  9 ball pythons
  10 goblins
  3 goblin skeletons (D:11)
  2 goblin zombies (D:11)
  A hobgoblin skeleton (D:11)
  3 hobgoblin zombies (D:11)
  26 kobolds
  3 orc skeletons (D:11)
  13 orc zombies (D:11)
  4 rats
  A fungus (Lair:1)
  4 plants (Lair:1)
769 creatures vanquished.

Vanquished Creatures (others)
  A bush (Lair:3)
  38 fungi
  74 plants
  12 toadstools (Lair:1)
125 creatures vanquished.

Grand Total: 894 creatures vanquished

Notes
Turn   | Place    | Note
-------+----------+-------------------------------------------
     0 | D:1      | thiscave3701365 the Hill Orc Berserker began the quest for
                  | the Orb.
     0 | D:1      | Reached XP level 1. HP: 19/19 MP: 1/1
   400 | D:1      | Reached XP level 2. HP: 26/27 MP: 2/2
   802 | D:2      | Reached skill level 5 in Axes
   802 | D:2      | Reached XP level 3. HP: 33/33 MP: 3/3
   854 | D:2      | Noticed Robin
   860 | D:2      | Reached ** piety under Trog
   863 | D:2      | Killed Robin
   879 | D:2      | Reached XP level 4. HP: 28/40 MP: 4/4
  1052 | D:2      | Found a faded altar of an unknown god.
  1061 | D:2      | Reached skill level 6 in Axes
  1773 | D:3      | Reached skill level 7 in Axes
  1773 | D:3      | Reached XP level 5. HP: 19/46 MP: 5/5
  2384 | D:3      | You fall into a shaft and drop 2 floors!
  2384 | D:5      | Entered Level 5 of the Dungeon
  2547 | D:5      | Noticed an ogre
  2556 | D:5      | Reached skill level 8 in Axes
  2561 | D:5      | Killed an ogre
  2562 | D:5      | Reached XP level 6. HP: 8/52 MP: 6/6
  3229 | D:5      | Reached skill level 9 in Axes
  3471 | D:5      | Found a staircase to the Ecumenical Temple.
  3500 | D:5      | Reached skill level 10 in Axes
  3500 | D:5      | Reached XP level 7. HP: 57/59 MP: 7/7
  3580 | D:5      | Found a stormy altar of Qazlal.
  3716 | D:5      | Found a glowing silver altar of Zin.
  4376 | D:6      | Reached skill level 11 in Axes
  4799 | D:6      | Found a runed translucent gate.
  4799 | D:6      | Found a runed translucent gate.
  4800 | D:6      | Found a runed translucent gate.
  4801 | D:6      | Found an opulent altar of Gozag.
  4802 | D:6      | Noticed a boulder beetle
  4802 | D:6      | Noticed KittyFluff's ghost (novice GrBe)
  4813 | D:6      | Reached XP level 8. HP: 56/66 MP: 8/8
  4875 | D:6      | Reached skill level 12 in Axes
  5354 | D:6      | Found a glowing golden altar of the Shining One.
  5387 | D:6      | Reached skill level 13 in Axes
  5584 | D:6      | Found a radiant altar of Vehumet.
  6164 | D:7      | Reached skill level 14 in Axes
  6390 | D:7      | Reached XP level 9. HP: 71/71 MP: 9/9
  6740 | D:7      | Reached skill level 15 in Axes
  7574 | D:8      | Found a snail-covered altar of Cheibriados.
  7671 | D:8      | Noticed Prince Ribbit
  7683 | D:8      | Killed Prince Ribbit
  7684 | D:8      | Reached skill level 16 in Axes
  7707 | D:8      | Found a burning altar of Makhleb.
  7759 | D:8      | Noticed Joseph
  7774 | D:8      | Killed Joseph
  8017 | D:8      | Found Ocwadur's Antique Armour Emporium.
  8183 | D:8      | Reached skill level 17 in Axes
  8444 | D:8      | Found a white marble altar of Elyvilon.
  8444 | D:8      | Found a faded altar of an unknown god.
  8451 | D:8      | Found a broken altar of Ashenzari.
  8453 | D:8      | Found an opulent altar of Gozag.
  8455 | D:8      | Found a faded altar of an unknown god.
  8677 | D:8      | Noticed Maurice
  8679 | D:8      | Paralysed by something for 3 turns
  8684 | D:8      | Paralysed by something for 6 turns
  8749 | D:8      | Killed Maurice
  8749 | D:8      | Reached *** piety under Trog
  8750 | D:8      | Reached XP level 10. HP: 52/78 MP: 10/10
  9301 | D:9      | Reached skill level 18 in Axes
  9371 | D:9      | Noticed a two-headed ogre
  9378 | D:9      | Killed a two-headed ogre
  9419 | D:9      | Reached skill level 1 in Shields
  9655 | D:9      | Reached skill level 5 in Fighting
  9691 | D:9      | Found an ornate altar of the Wu Jian Council.
  9696 | D:9      | Noticed a two-headed ogre
  9704 | D:9      | Killed a two-headed ogre
 10072 | D:9      | Found a transporter.
 10152 | D:9      | Found a transporter.
 10323 | D:9      | Identified a scroll of acquirement
 10357 | D:9      | Acquired the +3 pair of gloves of Anaesthesia {-Cast rF++
                  | Dex+4 SInv}
 10527 | D:10     | Entered Level 10 of the Dungeon
 10654 | D:10     | Found a staircase to the Lair.
 10654 | D:10     | Noticed an elephant
 10655 | D:10     | Noticed a cyclops
 10660 | D:10     | Killed an elephant
 10661 | D:10     | Reached skill level 5 in Armour
 10666 | D:10     | Killed a cyclops
 10667 | D:10     | Reached XP level 11. HP: 91/91 MP: 11/11
 10790 | D:10     | Found a basalt altar of Yredelemnul.
 10798 | D:10     | Reached skill level 19 in Axes
 10869 | D:10     | Noticed a cyclops
 10870 | D:10     | Noticed a centaur warrior
 10882 | D:10     | Killed a centaur warrior
 10884 | D:10     | Reached skill level 1 in Stealth
 10888 | D:10     | Killed a cyclops
 11023 | D:10     | Found a shimmering blue altar of Sif Muna.
 11147 | D:10     | Found a blossoming altar of Fedhas.
 11710 | D:4      | Reached **** piety under Trog
 12240 | D:4      | Found Feteptev's Distillery.
 13012 | D:6      | Killed KittyFluff's ghost
 13030 | D:6      | Killed a boulder beetle
 13811 | D:11     | Reached skill level 20 in Axes
 13937 | D:11     | Found a staircase to the Orcish Mines.
 13955 | D:11     | Reached ***** piety under Trog
 14045 | D:11     | Noticed a boulder beetle
 14055 | D:11     | Killed a boulder beetle
 14273 | D:11     | Reached XP level 12. HP: 104/104 MP: 12/12
 14468 | D:11     | Received a gift from Trog
 14557 | D:11     | Found a portal to a secret trove of treasure.
 14647 | D:11     | Identified the +0 leather armour of Cowardice {Will+++
                  | Int-3 Dex+5}
 14865 | D:12     | Noticed a centaur warrior
 14870 | D:12     | Killed a centaur warrior
 15067 | D:12     | Reached skill level 10 in Fighting
 15480 | D:12     | Identified the ring of Xinom {rF+ rN+ Str+7}
 15498 | D:12     | Found Rimiasmio's Distillery.
 15500 | D:12     | Found Miseaxe's Assorted Antiques.
 15500 | D:12     | Found Vaptol's Assorted Antiques.
 15506 | D:12     | Found Otokoerch's General Store.
 15536 | D:12     | Bought the +1 battleaxe of Reehuh Himu {speed, +Blink Fly
                  | Will- SInv} for 609 gold pieces
 15915 | D:12     | Found a hide-covered altar of Uskayaw.
 16194 | Lair:1   | Entered Level 1 of the Lair of Beasts
 16566 | Lair:1   | Reached skill level 21 in Axes
 16866 | Lair:1   | Found a blossoming altar of Fedhas.
 17558 | Lair:2   | Reached XP level 13. HP: 105/117 MP: 13/13
 17749 | Lair:2   | Found a hole to the Spider Nest.
 17809 | Lair:2   | Received a gift from Trog
 18794 | Lair:3   | Reached skill level 10 in Armour
 18986 | Lair:3   | Reached skill level 5 in Shields
 19321 | Lair:3   | Reached skill level 22 in Axes
 20251 | Lair:4   | Found a staircase to the Swamp.
 20571 | Lair:4   | Identified the +10 hand axe of Daunik {vorpal, Dex+3} (Trog
                  | gifted it to you on level 4 of the Lair of Beasts)
 20571 | Lair:4   | Received a gift from Trog
 20655 | Lair:4   | Reached XP level 14. HP: 117/130 MP: 14/14
 21908 | Lair:6   | Entered Level 6 of the Lair of Beasts
 22320 | Lair:6   | Found a viscous altar of Jiyva.
 22321 | Lair:6   | Found a staircase to the Slime Pits.
 22448 | Lair:6   | Found a radiant altar of Vehumet.
 22486 | Lair:6   | Reached skill level 23 in Axes
 23234 | Lair:6   | Reached skill level 15 in Fighting
 24270 | Lair:6   | Found a corrupted altar of Lugonu.
 24270 | Lair:6   | Found a one-way gate to the infinite horrors of the Abyss.
 24503 | Orc:1    | Entered Level 1 of the Orcish Mines
 24972 | Orc:1    | Received a gift from Trog
 24985 | Orc:1    | Found a runed translucent gate.
 24985 | Orc:1    | Found a runed translucent gate.
 24985 | Orc:1    | Found a runed translucent gate.
 24985 | Orc:1    | Noticed nickcage's ghost (journeyman DrFE)
 25584 | Orc:1    | Killed nickcage's ghost
 25671 | Orc:2    | Entered Level 2 of the Orcish Mines
 25729 | Orc:2    | Reached XP level 15. HP: 141/141 MP: 15/15
 26183 | Orc:2    | Paralysed by an orc sorcerer for 2 turns
 26484 | Orc:2    | Noticed GilGalad's ghost (adept DDFi)
 26508 | Orc:2    | Found a runed translucent door.
 26544 | Orc:2    | Found a staircase to the Elven Halls.
 27023 | Orc:2    | Reached skill level 24 in Axes
 27023 | Orc:2    | Noticed an orc warlord
 27031 | Orc:2    | Gained mutation: You are weak. (Str -2) [a neqoxec]
 27037 | Orc:2    | Received a gift from Trog
 27037 | Orc:2    | Found the +8 mithril axe "Arga" {speed, Will+}
 27048 | Orc:2    | Gained mutation: Armour fits poorly on your strangely
                  | shaped body. [a neqoxec]
 27053 | Orc:2    | Killed an orc warlord
 27497 | Orc:2    | Found Wyum's Antique Armour Shoppe.
 27498 | Orc:2    | Found Viank's Antique Weapon Emporium.
 27500 | Orc:2    | Found Huxycy's General Store.
 27500 | Orc:2    | Found Jiejuw's Book Shoppe.
 27938 | Orc:2    | Bought a pair of bloodstained boots for 247 gold pieces
 27938 | Orc:2    | Identified the +0 pair of boots of Immorality {Drain rElec
                  | rPois rCorr} (You bought it in a shop on level 2 of the
                  | Orcish Mines)
 28165 | Swamp:1  | Entered Level 1 of the Swamp
 28867 | Swamp:1  | Noticed a tentacled monstrosity
 30157 | D:13     | Reached skill level 25 in Axes
 30258 | D:13     | Found a gate to the Vaults.
 30762 | D:14     | Noticed Nessos
 30771 | D:14     | Killed Nessos
 32022 | D:14     | Noticed Jorgrun
 32039 | D:14     | Killed Jorgrun
 32380 | D:14     | Reached XP level 16. HP: 155/155 MP: 16/16
 32484 | D:14     | Noticed Azrael
 32507 | D:14     | Killed Azrael
 33016 | D:15     | Entered Level 15 of the Dungeon
 33071 | D:15     | Found a staircase to the Depths.
 34340 | Spider:1 | Entered Level 1 of the Spider Nest
 34426 | Spider:1 | HP: 7/157 [steelbarb worm (20)]
 34427 | Spider:1 | Slain by an entropy weaver

Illustrated notes

Levels and vault maps discovered:
D:1:      lightli_arrival_windingriver, layout_basic
D:2:      layout_basic, ebering_ecumenical_altar_webs, minmay_tetromino_t2,
          uniq_robin
D:3:      layout_loops_ring, minmay_diced_spiral
D:4:      minmay_diamond_boxcup, layout_basic, serial_shops,
          kennysheep_mini_moat, minmay_misc_feat_alley, minmay_hedge_maze
D:5:      layout_loops_ring, nicolae_qazlal_general_emergency,
          mainiacjoe_overflow_surrounded_room, minmay_temple_entry_offerings
D:6:      layout_basic, lemuel_doored_altar, old_standard_altar,
          ebering_ghost_gozag, amethyst_killhole
D:7:      layout_loops_corners
D:8:      hellmonk_crumbling_castle, layout_loops_ring, bloody_makhleb,
          chequers_temple_overflow_minitemple, amcnicky_altar_gilded,
          enter_bailey_2, serial_shops, nicolae_lakefront_shop,
          chequers_ossuary_entry_cave, kennysheep_small_square, uniq_maurice,
          uniq_prince_ribbit1, uniq_joseph
D:9:      gammafunk_cloud_chamber, layout_rooms,
          mainiacjoe_overflow_six_doors_small, grunt_decor_cap,
          nicolae_elevator_lobby_asterisk
D:10:     layout_loops_ring, mainiacjoe_overflow_concentric_impassable,
          lemuel_round_altar, tgw_sif, david_lair_generic
D:11:     layout_rooms, zombieorc2_lemuel, nicolae_trove_entry_crystal
D:12:     layout_layer_cave, st_stairs_9, minmay_shop_grid_forest,
          nicolae_uskayaw_suspiria
D:13:     layout_rooms, david_vaults_4
D:14:     layout_cave_pods, minmay_misc_feat_rugged, kennysheep_potato,
          uniq_azrael, uniq_jorgrun, uniq_nessos
D:15:     grunt_enter_depths_giant_problem, layout_basic, grunt_decor_arrowhead,
          moated_statue
Lair:1:   layout_roguey, chequers_serial_rivers_micro_c,
          chequers_serial_rivers_large_a, tgw_fedhas
Lair:2:   layout_long_grid, spider_nest_entry_rubble,
          chequers_serial_rivers_micro_e
Lair:3:   layout_misc_corridors, beast_lair_carwin_1
Lair:4:   layout_regular_city, minmay_swamp_entry_reptiles, serial_bayou_pond_b,
          cheibrodos_lair_lostbears, serial_bayou_shore_b
Lair:5:   layout_regular_city, st_stairs_8, infiniplex_staircase_pool,
          grunt_megastairs_2, serial_bayou_shore_b
Lair:6:   hellmonk_lair_end_abyssal_woods, layout_hall_layers, slime_altar_1,
          basic_altar
Swamp:1:  cheibrodos_swamp_monstrosity, layout_basic_swamp,
          evilmike_swamp_ruin_house_2
Spider:1: layout_spider_delve, drop_trap
Orc:1:    layout_caves, gammafunk_ghost_split
Orc:2:    st_orc_congregation, layout_caves, hellmonk_ghost_happy_afterlife

Skill      XL: |  1  2  3  4  5  6  7  8  9 10 11 12 13 14 15 |
---------------+----------------------------------------------+-----
Fighting       | 4 6 9 11 13 15 17 | 17.8
Axes           | 5 7 8 10 11 14 17 18 20 21 22 23 25 | 25.9
Armour         | 5 7 9 10 12 14 | 14.6
Shields        | 1 2 4 5 6 7 |  7.7
Stealth        | 1 2 |  2.3
Dodging        | 2 |  2.6

Action                   |  1- 3 |  4- 6 |  7- 9 | 10-12 | 13-15 | 16-18 || total
-------------------------+-------+-------+-------+-------+-------+-------++-------
Melee: Hand axe          |    59 |   117 |   334 |    53 |       |       ||   563
       Punch             |     1 |     3 |       |       |       |       ||     4
       Battleaxe         |       |       |       |   469 |   959 |   144 ||  1572
Invok: Berserk           |     1 |     2 |    12 |    15 |    30 |     4 ||    64
  Use: Scroll            |       |       |       |    28 |     4 |     1 ||    33
       Potion            |       |       |       |       |     1 |     1 ||     2
 Stab: Sleeping          |     1 |       |       |       |       |       ||     1
       Distracted        |       |       |       |       |     1 |     1 ||     2
       Invisible         |       |       |       |       |     1 |       ||     1
       Petrifying        |       |       |       |       |     1 |       ||     1
Armor: Animal skin       |    10 |     9 |       |       |       |       ||    19
       Plate armour      |       |    46 |   111 |   149 |   427 |    68 ||   801
Dodge: Dodged            |    41 |    50 |    52 |   118 |   253 |    42 ||   556
Block: Buckler           |       |       |    51 |       |       |       ||    51
       Kite shield       |       |       |       |    14 |       |       ||    14
       Other             |       |       |       |    50 |   144 |    20 ||   214
       Reflection        |       |       |       |     2 |     7 |       ||     9
